AoeStats
← Manco Cápac

Arabian Desert

508953154Analyzed
1v1 RM · 7d ago on Sep 24, 2026· 54m 56s· 2 players
Game mode
Random Map
Map size
Tiny (2 player)
Population
200
Speed
Normal
Resources
Standard
Victory
Conquest
Starting age
Dark Age
Ending age
Imperial Age
RankedLock teamsTeams togetherTeam positionsShared explorationLock speedFull tech treeHidden civsTurbo modeCheats
Victory
Defeat
🇦🇹 Khmer · Austria
851
+15
🇨🇱 Turks · Chile
830
-15
diaz.delgado.braulio
7:51 Loom
10:11 Feudal Age
11:08 Double-Bit Axe
23:38 Castle Age
22:46 Horse Collar
23:05 Gold Mining
23:09 Stone Mining
24:32 Bloodlines
25:25 Husbandry
25:32 Husbandry
26:38 Wheelbarrow
27:11 Scale Barding Armor
26:56 Fletching
28:47 Thumb Ring
31:55 Hand Cart
32:37 Chain Barding Armor
34:41 Gold Shaft Mining
34:15 Padded Archer Armor
35:47 Squires
36:32 Heavy Plow
41:38 Imperial Age
40:24 Bodkin Arrow
40:45 Leather Archer Armor
41:39 Sipahi
42:46 Conscription
42:55 Parthian Tactics
44:27 Hoardings
45:17 Ballistics
44:53 Murder Holes
45:19 Bow Saw
46:01 Plate Barding Armor
45:27 Bracer
46:38 Elite Janissary
48:52 Bombard Tower
50:33 Heavy Camel Rider
Manco Cápac
10:32 Feudal Age
11:31 Double-Bit Axe
12:49 Bloodlines
14:06 Scale Barding Armor
18:26 Wheelbarrow
22:37 Castle Age
22:32 Forging
22:13 Fletching
24:27 Gold Mining
24:02 Elite Skirmisher
25:08 Chain Barding Armor
24:50 Light Cavalry
26:00 Bow Saw
25:51 Horse Collar
27:13 Hand Cart
32:59 Imperial Age
34:00 Heavy Plow
33:57 Elite Battle Elephant
36:13 Loom
37:16 Gold Shaft Mining
37:01 Bodkin Arrow
38:06 Heavy Scorpion
40:36 Plate Barding Armor
41:46 Double Crossbow
44:22 Tusk Swords
45:14 Stone Mining
Connection lost

Rejoining the realm…

Still unreachable

The connection could not be restored.

Session expired

The server has moved on; the page needs a fresh start.